 Dungeon Sprint DCSS version 0.30.1-11-g7821555f0a (webtiles) character file.

Game seed: 15239393476231960591

48077 Heoruswealwe the Minotaur Porcupine (level 14, -7/157 HPs)
             Began as a Minotaur Fighter on Nov 9, 2023.
             Was an Initiate of Gozag.
             Killed from afar by a frost giant (23 damage)
             ... with a bolt of cold
             ... in the Dungeon (Sprint IX: "|||||||||||||||||||||||||||||").
             The game lasted 00:35:53 (4606 turns).

Heoruswealwe the Minotaur Porcupine (MiFi)          Turns: 4606, Time: 00:35:55

Health: -7/157     AC: 38    Str: 29    XL:     14   Next: 10%
Magic:  21/21      EV:  9    Int:  5    God:    Gozag
Gold:   1726       SH:  0    Dex: 10    Spells: 16/23 levels left

rFire   + + .        b - +2 halberd (venom)
rCold   + . .        (shield currently unavailable)
rNeg    + . .        c - +4 gold dragon scales
rPois   +            (helmet restricted)
rElec   .            h - +1 cloak
rCorr   .            f - +1 pair of gloves of the Morning {Fly rN+ Stlth+}
SInv    .            e - +0 pair of boots
Will    +....        (no amulet) Stlth
                     k - +3 ring of strength
HPRegen 0.46/turn    j - ring of protection from fire
MPRegen 0.17/turn

%: no teleportation
@: gold aura, flying, hasted, very quick
A: horns 2, retaliatory headbutt
a: Renounce Religion, Potion Petition, Call Merchant, Bribe Branch


You were in the Dungeon.
You worshipped Gozag.
Gozag was most pleased with you.
You visited 1 branch You collected 13719 gold pieces.
You spent 5622 gold pieces at shops.
You paid 6371 gold pieces to Gozag.

Inventory:

Hand Weapons
 a - a +0 trident
 b - a +2 halberd of venom (weapon)
 l - the +8 storm bow {elec, penet}
   (You bought it in a shop in the Dungeon)
 m - the +7 captain's cutlass {speed, disarm}
   (You bought it in a shop in the Dungeon)
 n - a +7 scimitar of holy wrath
Armour
 c - +4 gold dragon scales (worn)
 d - a +0 buckler
 e - a +0 pair of boots (worn)
 f - the +1 pair of gloves of the Morning (worn) {Fly rN+ Stlth+}
   (You bought it in a shop in the Dungeon)

   rN:        It protects you from negative energy.
   Fly:       It grants you flight.
   Stlth:     It makes you more stealthy.
 h - a +1 cloak (worn)
Jewellery
 j - a ring of protection from fire (right hand)
 k - a +3 ring of strength (left hand)
Wands
 i - a wand of flame (23)
 t - a wand of roots (10)
 w - a wand of charming (10)
Scrolls
 s - 6 scrolls of identify
Potions
 g - 2 potions of haste
 p - a potion of mutation
 r - 2 potions of might
Miscellaneous
 q - a phantom mirror


   Skills:
 + Level 23.5 Fighting
 O Level 27 Polearms
 + Level 25.2 Armour
 + Level 5.9 Dodging
 + Level 7.6 Shields
 * Level 5.4 Spellcasting
 * Level 6.5 Transmutations
 * Level 7.2 Evocations


You had 16 spell levels left.
You knew the following spells:

 Your Spells              Type           Power      Damage    Failure   Level
a - Dragon Form           Tmut           3%         N/A       100%        7

Your spell library contained the following spells:

 Spells                   Type           Power      Damage    Failure   Level
 Cause Fear               Hex            0%         N/A       100%        4
 Dragon's Call            Summ           0%         N/A       100%        9


Dungeon Overview and Level Annotations

Branches:
Dungeon (1/1)

Altars:
Cheibriados
Dithmenos
Elyvilon
Fedhas
Gozag
Hepliaklqana
Kikubaaqudgha
Makhleb
Nemelex Xobeh
Okawaru
Qazlal
Ru
Sif Muna
Trog
Uskayaw
Vehumet
Wu Jian
Xom
Yredelemnul
Zin
The Shining One
Jiyva
Lugonu

Shops:
D :[[(((*=(


Innate Abilities, Weirdness & Mutations

You have a pair of horns on your head.
You reflexively headbutt those who attack you in melee.


Message History

You feel yourself speed up.
You impale the frost giant!!
The frost giant is poisoned.
You headbutt the frost giant, but do no damage.
The frost giant is moderately wounded.
You barely miss the frost giant.
The frost giant is moderately wounded.
The frost giant casts a spell at you.
The bolt of cold hits you but does no damage.
You resist.
A glowing orange brain comes into view.
The glowing orange brain turns its attention towards you.
You hit the frost giant.
The frost giant looks as sick as possible!
The frost giant is moderately wounded.
You puncture the frost giant! Your headbutt misses the frost giant.
The frost giant is heavily wounded.
The frost giant gestures at you while chanting.
The bolt of cold hits you! You resist.
* * * LOW HITPOINT WARNING * * *
You feel better. The frost giant closely misses you. You furiously retaliate!
You headbutt the frost giant!
The glowing orange brain pulsates.
Something tries to feed on your intellect!
You slash the frost giant!
The frost giant is severely wounded.
You completely miss the frost giant. You headbutt the frost giant.
The frost giant is severely wounded.
The frost giant is distracted by your dazzling golden aura.
You hit the frost giant but do no damage.
The frost giant is no longer distracted by gold.
You headbutt the frost giant, but do no damage.
The frost giant is severely wounded.
You puncture the frost giant!
The frost giant looks as sick as possible!
You headbutt the frost giant.
The frost giant is almost dead.
The frost giant gestures at you while chanting.
The bolt of cold hits you!! You resist.
You die...
Your body crumbles into a pile of gold.

......'====.))))))))[[[[[[.[[.!?.
▓▓▓▓▓▓▓▓▓▓▓▓▓▓▓▓▓▓▓▓▓▓▓▓▓▓▓▓▓▓▓▓▓
.................................
▓▓▓▓▓▓▓▓▓▓▓▓▓▓▓▓▓▓▓▓▓▓▓▓▓▓▓▓▓▓▓▓♣
............')....)...'.........'
▓▓▓▓▓▓▓▓▓▓▓▓▓▓▓▓▓▓▓▓▓▓▓▓▓▓▓▓▓▓▓▓♣
.................................
▓▓▓▓▓▓▓▓▓▓▓▓▓▓▓▓▓▓▓▓▓▓▓▓▓▓▓▓▓▓▓▓▓
..............$$@C...G..
▓▓▓▓▓▓▓▓▓▓▓▓▓▓▓▓▓▓▓▓▓▓▓▓


You could see a frost giant (extremely poisoned) and a glowing orange brain.

Vanquished Creatures
  A tengu reaver (D)
  A nagaraja (D)
  A fire giant (D)
  A frost giant (D)
  A ghost moth (D)
  Aizul (D)
  2 stone giants (D)
  A spriggan defender (D)
  2 very ugly things (D)
  A spark wasp (D)
  2 bunyips (D)
  Snorg (D)
  An ettin (D)
  Josephine (D)
  A hydra (D)
  3 rakshasas (D)
  An ogre mage (D)
  A centaur warrior (D)
  A boulder beetle (D)
  A deep troll earth mage (D)
  2 deep troll shamans (D)
  A tengu warrior (D)
  Sonja (D)
  Urug (D)
  3 orc high priests (D)
  A hell knight (D)
  3 pharaoh ants (D)
  A glowing orange brain (D)
  2 sea snakes (D)
  A goliath frog (D)
  A bog body (D)
  A swamp dragon (D)
  A sun moth (D)
  A lindwurm (D)
  4 orc knights (D)
  A naga ritualist (D)
  3 orc sorcerers (D)
  An ugly thing (D)
  A wolf spider (D)
  A mana viper (D)
  2 will-o-the-wisps (D)
  5 manticores (D)
  2 cyclopes (D)
  A guardian serpent (D)
  5 black mambas (D)
  A water nymph (D)
  A naga mage (D)
  2 cane toads (D)
  2 demonic crawlers (D)
  An unseen horror (shapeshifter) (D)
  A yaktaur (shapeshifter) (D)
  2 komodo dragons (D)
  An efreet (D)
  2 merfolk (D)
  A hornet (D)
  2 trolls (D)
  3 tyrant leeches (D)
  2 blink frogs (D)
  A spriggan (shapeshifter) (D)
  A culicivora (D)
  2 wyverns (D)
  2 humans (D)
  4 wraiths (D)
  A water elemental (D)
  5 yaks (D)
  Eustachio (D)
  A vampire mosquito (D)
  A redback (shapeshifter) (D)
  A hog (D)
  A naga (D)
  A water moccasin (D)
  A swamp drake (D)
  11 orc warriors (D)
  A centaur (D)
  3 bullfrogs (D)
  2 orc priests (D)
  A gnoll bouda (D)
  3 orc wizards (D)
  An adder (D)
  An ufetubus (D)
  4 worms (D)
  11 orcs (D)
  A giant cockroach (D)
  A goblin (D)
  2 hobgoblins (D)
  A jackal (D)
  A bat (D)
159 creatures vanquished.

Vanquished Creatures (others)
  Kirke (D)
  An ogre mage (D)
  A bloated husk (D)
  A human (D)
  An orc (D)
5 creatures vanquished.

Grand Total: 164 creatures vanquished

Notes
Turn   | Place    | Note
-------+----------+-------------------------------------------
     0 | D        | Heoruswealwe the Minotaur Fighter began the quest for the
                  | Orb.
     0 | D        | Reached XP level 1. HP: 19/19 MP: 0/0
     6 | D        | Reached skill level 3 in Polearms
    37 | D        | Noticed an orc wizard
    37 | D        | Noticed a gnoll bouda
    39 | D        | Reached skill level 4 in Polearms
    40 | D        | Killed an orc wizard
    41 | D        | Reached skill level 5 in Fighting
    41 | D        | Reached skill level 5 in Polearms
    41 | D        | Reached skill level 5 in Armour
    41 | D        | Reached XP level 2. HP: 29/29 MP: 1/1
    41 | D        | Reached XP level 3. HP: 36/36 MP: 2/2
    47 | D        | Reached skill level 6 in Polearms
    56 | D        | Reached skill level 7 in Polearms
    56 | D        | Reached XP level 4. HP: 35/44 MP: 3/3
    64 | D        | Found a snail-covered altar of Cheibriados.
    64 | D        | Found a shadowy altar of Dithmenos.
    64 | D        | Found a white marble altar of Elyvilon.
    64 | D        | Found a blossoming altar of Fedhas.
    64 | D        | Found an opulent altar of Gozag.
    65 | D        | Found a hazy altar of Hepliaklqana.
    66 | D        | Found a viscous altar of Jiyva.
    67 | D        | Found an ancient bone altar of Kikubaaqudgha.
    68 | D        | Found a corrupted altar of Lugonu.
    69 | D        | Found a burning altar of Makhleb.
    70 | D        | Found a sparkling altar of Nemelex Xobeh.
    71 | D        | Found an iron altar of Okawaru.
    72 | D        | Became a worshipper of Gozag Ym Sagoz the Greedy
    73 | D        | Found a stormy altar of Qazlal.
    74 | D        | Found a sacrificial altar of Ru.
    75 | D        | Found a shimmering blue altar of Sif Muna.
    76 | D        | Found a bloodstained altar of Trog.
    77 | D        | Found a hide-covered altar of Uskayaw.
    78 | D        | Found a radiant altar of Vehumet.
    79 | D        | Found an ornate altar of the Wu Jian Council.
    80 | D        | Found a shimmering altar of Xom.
    81 | D        | Found a basalt altar of Yredelemnul.
    82 | D        | Found a glowing silver altar of Zin.
    83 | D        | Found a glowing golden altar of the Shining One.
   139 | D        | Noticed a yak
   139 | D        | Noticed a centaur
   139 | D        | Noticed a yak
   139 | D        | Noticed a troll
   139 | D        | Noticed a yak
   139 | D        | Noticed a hornet
   142 | D        | Killed a yak
   143 | D        | Reached skill level 10 in Polearms
   143 | D        | Reached XP level 5. HP: 43/53 MP: 4/4
   144 | D        | Killed a centaur
   145 | D        | Reached skill level 11 in Polearms
   145 | D        | Reached XP level 6. HP: 48/62 MP: 5/5
   151 | D        | Killed a yak
   152 | D        | Reached skill level 12 in Polearms
   155 | D        | Killed a troll
   156 | D        | Reached skill level 10 in Fighting
   156 | D        | Reached skill level 13 in Polearms
   156 | D        | Reached skill level 10 in Armour
   156 | D        | Reached XP level 7. HP: 30/72 MP: 6/6
   157 | D        | Killed a yak
   158 | D        | Reached skill level 14 in Polearms
   160 | D        | Killed a hornet
   296 | D        | Noticed a cyclops
   296 | D        | Noticed an efreet
   296 | D        | Noticed a troll
   296 | D        | Noticed a green ugly thing
   296 | D        | Noticed a manticore
   296 | D        | Noticed a spriggan
   299 | D        | Killed a cyclops
   300 | D        | Reached skill level 15 in Polearms
   300 | D        | Reached XP level 8. HP: 75/83 MP: 7/7
   302 | D        | Killed an efreet
   303 | D        | Reached skill level 16 in Polearms
   306 | D        | Killed a troll
   312 | D        | Killed a green ugly thing
   313 | D        | Reached skill level 17 in Polearms
   313 | D        | Reached XP level 9. HP: 73/92 MP: 8/8
   317 | D        | Killed a manticore
   320 | D        | Reached skill level 18 in Polearms
   559 | D        | Noticed a black mamba
   559 | D        | Noticed a cane toad
   562 | D        | Noticed a black mamba
   565 | D        | Noticed an eight-headed hydra
   572 | D        | Killed a black mamba
   584 | D        | Killed a 14-headed hydra
   585 | D        | Reached skill level 19 in Polearms
   586 | D        | Killed a cane toad
   587 | D        | Reached XP level 10. HP: 73/104 MP: 9/9
   588 | D        | Noticed a cane toad
   596 | D        | Killed a black mamba
   599 | D        | Killed a cane toad
   600 | D        | Reached skill level 20 in Polearms
   767 | D        | Noticed a boulder beetle
   769 | D        | Reached skill level 15 in Fighting
   769 | D        | Reached skill level 15 in Armour
   777 | D        | Killed a boulder beetle
   791 | D        | Reached skill level 21 in Polearms
   884 | D        | Noticed a lindwurm
   911 | D        | Killed a lindwurm
   912 | D        | Reached XP level 11. HP: 63/115 MP: 10/10
  1053 | D        | Noticed Eustachio
  1062 | D        | Killed Eustachio
  1063 | D        | Reached skill level 22 in Polearms
  1112 | D        | Noticed Urug
  1118 | D        | Killed Urug
  1233 | D        | Noticed Josephine
  1249 | D        | Killed Josephine
  1436 | D        | Noticed an ettin
  1452 | D        | Killed an ettin
  1453 | D        | Reached skill level 23 in Polearms
  1576 | D        | Noticed an orc sorcerer
  1587 | D        | Noticed an orc knight
  1594 | D        | Killed an orc sorcerer
  1602 | D        | Killed an orc knight
  1730 | D        | Found Cischevo's Book Emporium.
  1730 | D        | Noticed an orc sorcerer
  1730 | D        | Noticed an orc sorcerer
  1730 | D        | Noticed an orc high priest
  1736 | D        | Killed an orc sorcerer
  1737 | D        | Reached skill level 24 in Polearms
  1740 | D        | Killed an orc sorcerer
  1741 | D        | Found Ires's Armour Shoppe.
  1741 | D        | Noticed an orc knight
  1742 | D        | Noticed an orc knight
  1744 | D        | Found Wycipron's Distillery.
  1749 | D        | Killed an orc high priest
  1749 | D        | Noticed an orc knight
  1750 | D        | Found Yzepta's Armour Shoppe.
  1755 | D        | Noticed an orc high priest
  1759 | D        | Killed an orc knight
  1765 | D        | Killed an orc knight
  1773 | D        | Noticed an orc high priest
  1778 | D        | Killed an orc knight
  1795 | D        | Killed an orc high priest
  1796 | D        | Reached XP level 12. HP: 59/128 MP: 11/11
  1797 | D        | Killed an orc high priest
  1798 | D        | Reached skill level 25 in Polearms
  1873 | D        | Bought a manual of Armour for 1120 gold pieces
  1883 | D        | Bought the +1 pair of gloves of the Morning {Fly rN+
                  | Stlth+} for 281 gold pieces
  1890 | D        | Bought a potion of heal wounds for 60 gold pieces
  1890 | D        | Bought a potion of flight for 36 gold pieces
  1890 | D        | Bought a potion of might for 48 gold pieces
  1890 | D        | Bought a potion of brilliance for 48 gold pieces
  1890 | D        | Bought a potion of haste for 120 gold pieces
  1890 | D        | Bought a potion of curing for 36 gold pieces
  1935 | D        | Bought a dazzling trident for 229 gold pieces
  1935 | D        | Identified the +1 trident "Hydraslayer" {pain, rF++} (You
                  | bought it in a shop in the Dungeon)
  1963 | D        | Bought the +8 storm bow {elec, penet} for 1896 gold pieces
  1963 | D        | Found the +8 storm bow {elec, penet}
  2026 | D        | Noticed Sonja
  2037 | D        | Killed Sonja
  2231 | D        | Noticed an ogre mage
  2231 | D        | Noticed a tengu warrior
  2234 | D        | Noticed an ogre mage
  2240 | D        | Noticed a centaur warrior
  2240 | D        | Noticed a rakshasa
  2247 | D        | Paralysed by something for 3 turns
  2249 | D        | Noticed a white very ugly thing
  2250 | D        | Killed an ogre mage
  2252 | D        | Noticed a deep troll shaman
  2257 | D        | Killed a tengu warrior
  2259 | D        | Killed an ogre mage
  2263 | D        | Killed a centaur warrior
  2264 | D        | Noticed a two-headed ogre
  2264 | D        | Noticed a tengu reaver
  2270 | D        | a two-headed ogre changed into a cyclops
  2274 | D        | Killed a white very ugly thing
  2275 | D        | Reached skill level 26 in Polearms
  2278 | D        | Killed a rakshasa
  2286 | D        | Killed a deep troll shaman
  2290 | D        | a deep troll changed into a two-headed ogre
  2290 | D        | Noticed a two-headed ogre (glowing shapeshifter)
  2291 | D        | a two-headed ogre changed into a steelbarb worm
  2303 | D        | Killed a tengu reaver
  2725 | D        | Bought the +7 captain's cutlass {speed, disarm} for 1620
                  | gold pieces
  2725 | D        | Found the +7 captain's cutlass {speed, disarm}
  2864 | D        | Noticed Kirke
  2871 | D        | Reached skill level 27 in Polearms
  2880 | D        | Killed Kirke
  2905 | D        | Noticed Aizul
  2916 | D        | Killed Aizul
  3245 | D        | Reached XP level 13. HP: 110/143 MP: 12/12
  3441 | D        | Killed a ghost moth
  3610 | D        | Noticed a bunyip
  3621 | D        | Noticed a bunyip
  3623 | D        | Reached skill level 1 in Dodging
  3623 | D        | Reached skill level 1 in Transmutations
  3623 | D        | Reached skill level 1 in Evocations
  3632 | D        | Killed a bunyip
  3633 | D        | Reached skill level 1 in Spellcasting
  3647 | D        | Killed a bunyip
  3864 | D        | Noticed a nagaraja
  3877 | D        | Killed a nagaraja
  3878 | D        | Reached skill level 5 in Shields
  4152 | D        | Bought a scroll of identify for 32 gold pieces
  4152 | D        | Bought a scroll of identify for 32 gold pieces
  4152 | D        | Bought a scroll of vulnerability for 64 gold pieces
  4192 | D        | Noticed Snorg
  4210 | D        | Killed Snorg
  4456 | D        | Learned a level 7 spell: Dragon Form
  4513 | D        | Noticed a fire giant
  4513 | D        | Noticed a spark wasp
  4513 | D        | Noticed a stone giant
  4513 | D        | Noticed a brown very ugly thing
  4517 | D        | Noticed a spriggan defender
  4519 | D        | Reached skill level 5 in Evocations
  4524 | D        | Killed a fire giant
  4530 | D        | Killed a spark wasp
  4531 | D        | Reached skill level 5 in Transmutations
  4545 | D        | Killed a stone giant
  4546 | D        | Noticed a frost giant
  4550 | D        | Killed a brown very ugly thing
  4551 | D        | Reached skill level 5 in Dodging
  4558 | D        | Noticed a stone giant
  4562 | D        | Killed a spriggan defender
  4563 | D        | Noticed a frost giant
  4569 | D        | Reached XP level 14. HP: 76/157 MP: 20/20
  4576 | D        | Killed a frost giant
  4577 | D        | Reached skill level 5 in Spellcasting
  4582 | D        | Killed a stone giant
  4601 | D        | HP: 7/157 [frost giant/bolt of cold (10)]
  4606 | D        | Killed from afar by a frost giant

Illustrated notes

Levels and vault maps discovered:
D:        linesprint [early_d, line_temple, items_1, d_10, items_2, lair_1,
          lair_end, items_3, orc_1, orc_end, items_4, d_15, swamp_1, shoals_1,
          snake_1, spider_1, d_20, vaults_1, items_5, swamp_end, shoals_end,
          snake_end, spider_end, vaults_end, d_27, items_6, zot_1, zot_end,
          crypt_end, forest_end, elf_end, slime_end, tomb_end, abyss_end,
          pan_hell_end]

Skill      XL: |  1  2  3  4  5  6  7  8  9 10 11 12 13 14 |
---------------+-------------------------------------------+-----
Polearms       | 5 7 10 11 13 15 17 19 21 24 27 | 27.0
Fighting       | 5 6 7 8 10 11 12 14 16 18 21 23 | 23.5
Armour         | 5 6 7 8 10 11 12 14 16 18 23 25 | 25.2
Dodging        | 5 |  5.9
Shields        | 7 |  7.6
Transmutations | 6 |  6.5
Evocations     | 6 7 |  7.2
Spellcasting   | 4 5 |  5.4

Action                     |  1- 3 |  4- 6 |  7- 9 | 10-12 | 13-15 || total
---------------------------+-------+-------+-------+-------+-------++-------
  Melee: Trident           |    30 |       |       |       |       ||    30
         Headbutt          |     4 |     2 |     9 |    66 |    52 ||   133
         Halberd           |       |    15 |    51 |   330 |   228 ||   624
 Invoke: Call Merchant     |       |       |       |     4 |     2 ||     6
    Use: Potion            |       |       |     2 |    13 |     7 ||    22
         Scroll            |       |       |       |     6 |     1 ||     7
   Stab: Distracted        |       |       |       |     4 |     2 ||     6
 Armour: Scale mail        |    10 |       |       |       |       ||    10
         Chain mail        |       |     3 |    22 |    28 |       ||    53
         Plate armour      |       |       |       |    25 |       ||    25
         Gold dragon scale |       |       |       |    66 |   112 ||   178
  Dodge: Dodged            |    11 |    13 |    22 |    78 |    68 ||   192
  Block: Buckler           |     3 |       |       |       |       ||     3
